 Dungeon Crawl Stone Soup version 0.31-a0-234-gad7ace16ef (webtiles) character file.

Game seed: 17988958774750367875

2868 qw the Skirmisher (level 9, -7/79 HPs)
             Began as a Minotaur Hexslinger on July 9, 2023.
             Mangled by Maggie
             ... wielding a +1 heavy glaive
              (10 damage)
             ... on level 6 of the Dungeon.
             The game lasted 00:02:29 (4510 turns).

qw the Skirmisher (Minotaur Hexslinger)             Turns: 4510, Time: 00:02:29

Health: -7/79      AC: 12    Str: 19    XL:     9   Next: 47%
Magic:  9/9        EV: 13    Int: 10    God:
Gold:   169        SH:  0    Dex: 17    Spells: 9/10 levels left

rFire   . . .        Y - +0 orcbow (freeze)
rCold   + . .        (shield currently unavailable)
rNeg    . . .        n - +2 ring mail {rC+}
rPois   .            (helmet restricted)
rElec   .            (no cloak)
rCorr   .            m - +1 pair of gloves
SInv    .            d - +1 pair of boots
Will    .....        i - amulet of faith
Stlth   +            c - +6 ring of strength
HPRegen 0.33/turn    (no ring)
MPRegen 0.11/turn

%: faith
@: about to teleport, mesmerised
A: horns 2, retaliatory headbutt
a: no special abilities


You were on level 6 of the Dungeon.
You visited 1 branch of the dungeon, and saw 6 of its levels.

You collected 447 gold pieces.
You spent 278 gold pieces at shops.


Innate Abilities, Weirdness & Mutations

You have a pair of horns on your head.
You reflexively headbutt those who attack you in melee.


   Skills:
 + Level 7.2 Fighting
 - Level 12.0 Ranged Weapons
 - Level 3.3 Armour
 - Level 4.1 Dodging
 - Level 1.0 Spellcasting
 - Level 2.0 Hexes


You had 9 spell levels left.
You knew the following spells:

 Your Spells              Type           Power      Damage    Failure   Level
a - Slow                  Hex            16%        N/A       26%         1

Your spell library contained the following spells:

 Spells                   Type           Power      Damage    Failure   Level
 Inner Flame              Hex/Fire       2%         N/A       75%         3
 Portal Projectile        Hex/Tloc       4%         N/A       75%         3
 Cause Fear               Hex            2%         N/A       94%         4

Inventory:

Hand Weapons
 Y - a +0 orcbow of freezing (weapon)
Armour
 a - a +2 ring mail of willpower
 d - a +1 pair of boots (worn)
 m - a +1 pair of gloves (worn)
 n - a +2 ring mail of cold resistance (worn)
Jewellery
 c - a +6 ring of strength (left hand)
 i - an amulet of faith (around neck)
 q - a ring of fire
Scrolls
 j - a scroll of identify
 p - 2 scrolls of teleportation
Potions
 b - 3 potions of curing
 g - 2 potions of cancellation
 h - a potion of heal wounds
 l - a potion of might
 o - a potion of mutation {unknown}
 r - a potion of haste

Dungeon Overview and Level Annotations

Branches:
Dungeon (6/15)
 Temple: D:4-7

Altars:
Elyvilon
Nemelex Xobeh
Xom

Shops:
D:1 *   D:5 [

Annotations:
D:6 Maggie


Message History

Enter note: Maggie the Vainglorious comes into view.
She is wielding a +1 heavy glaive.
Maggie shouts!
Enter note:
Enter note: You shoot an arrow.
The arrow hits Maggie but does no damage.
You shoot an arrow. The arrow barely misses Maggie.
Maggie mumbles the words to a spell, but in the wrong order.
You shoot an arrow. The arrow barely misses Maggie.
Maggie casts a spell at you. The bolt of fire hits you!!
You shoot an arrow. The arrow barely misses Maggie.
Maggie mumbles some strange words.
Maggie attempts to bespell you!
You are mesmerised by Maggie!
You shoot an arrow. The arrow hits Maggie!
The arrow freezes Maggie.
Maggie is lightly wounded.
Maggie gestures at you while chanting. The bolt of fire hits you!
You shoot an arrow. The arrow hits Maggie.
The arrow freezes Maggie.
Maggie is moderately wounded.
Maggie hits you from afar with a +1 heavy glaive.
You shoot an arrow. The arrow hits Maggie!
The arrow freezes Maggie.
Maggie is moderately wounded.
Maggie hits you from afar with a +1 heavy glaive!
You shoot an arrow. The arrow closely misses Maggie.
You shoot an arrow. The arrow hits Maggie.
The arrow freezes Maggie.
Maggie is heavily wounded.
Maggie points at you and mumbles some strange words.
The bolt of fire hits you!
You shoot an arrow. The arrow hits Maggie.
The arrow freezes Maggie.
Maggie is heavily wounded.
Maggie hits you from afar with a +1 heavy glaive!!
4510 ||| READING 3 scrolls of teleportation.
As you read the scroll of teleportation, it crumbles to dust.
You feel strangely unstable.
Maggie says, "Have you seen any dragons?"
Maggie hits you from afar with a +1 heavy glaive!
You die...

# #. #.. ########
#... #......# #....
####.#..)
#....@######....#>#
#..>...@.....##...#
.......##..####.###
......# #.~.##).#
###.## #~777).## #
#7~~).## #.7~###
##..# #...# .... .#
#.#.##


You could see Maggie (mesmerising).

Vanquished Creatures
  Pikel (D:5)
  Sigmund (D:3)
  Menkaure (D:4)
  A water moccasin (D:5)
  2 sky beasts (D:6)
  2 ice beasts
  A black bear (D:5)
  5 ogres
  A centaur (D:5)
  3 lemures (D:6)
  2 phantoms
  2 bullfrogs (D:6)
  An electric eel (D:6)
  3 jellies (D:6)
  2 hounds
  2 orc priests (D:6)
  Terence (D:2)
  3 sleepcaps
  An iguana (D:6)
  Natasha (D:2)
  3 orc wizards
  3 gnolls (D:6)
  7 adders
  9 river rats (D:5)
  A shadow imp (D:6)
  A white imp (D:6)
  An ufetubus (D:5)
  3 dart slugs
  22 orcs
  6 bats
  5 endoplasms
  4 giant cockroaches
  8 goblins
  8 hobgoblins
  12 jackals
  11 quokkas
  8 ball pythons
  7 kobolds
  17 rats
172 creatures vanquished.

Vanquished Creatures (others)
  An orc (D:6)
1 creature vanquished.

Grand Total: 173 creatures vanquished

Notes
Turn   | Place    | Note
-------+----------+-------------------------------------------
     0 | D:1      | qw the Minotaur Hexslinger began the quest for the Orb.
     0 | D:1      | Reached XP level 1. HP: 16/16 MP: 1/1
     0 | D:1      | 0 ||| qw: Version: 0.3-a-51-g015441d
     0 | D:1      | 0 ||| qw: Game counter: 4351
     0 | D:1      | 0 ||| qw: Melee chars always use a shield: true
     0 | D:1      | 0 ||| qw: God list: Okawaru
     0 | D:1      | 0 ||| qw: Allow faded altars: false
     0 | D:1      | 0 ||| qw: Do Orc after clearing Dungeon:15 true
     0 | D:1      | 0 ||| qw: Do second Lair branch before Depths: true
     0 | D:1      | 0 ||| qw: Lair rune preference: random
     0 | D:1      | 0 ||| qw: Goals: Normal
     0 | D:1      | 0 ||| PLANNING D:1-11
   115 | D:1      | Reached skill level 3 in Ranged Weapons
   115 | D:1      | 115 ||| FLEEEEING.
   118 | D:1      | 118 ||| FLEEEEING.
   120 | D:1      | 120 ||| FLEEEEING.
   121 | D:1      | 121 ||| FLEEEEING.
   123 | D:1      | Reached XP level 2. HP: 22/23 MP: 2/2
   457 | D:1      | Found Ixuwn's General Store.
   460 | D:1      | 460 ||| SHOPLISTING +0 pair of gloves (58 gold, have 57).
   460 | D:1      | 460 ||| SHOPLISTING scroll of brand weapon (123 gold, have
                  | 57).
   460 | D:1      | 460 ||| BUYING scroll of identify (26 gold).
   460 | D:1      | Bought a scroll of identify for 26 gold pieces
   525 | D:1      | 525 ||| UPGRADING to +1 pair of boots.
   530 | D:1      | 530 ||| UPGRADING to amulet of faith.
   535 | D:1      | 535 ||| READING scroll labelled DILYIL OPSAT.
   536 | D:1      | 536 ||| READING scroll labelled VOGREI AWYLA.
   541 | D:1      | 541 ||| READING 3 scrolls of identify.
   541 | D:1      | 541 ||| IDENTIFYING viscous inky potion
   542 | D:1      | 542 ||| READING 2 scrolls of identify.
   542 | D:1      | 542 ||| IDENTIFYING puce potion
   543 | D:1      | 543 ||| DROPPING scroll of poison.
   544 | D:1      | 544 ||| DROPPING potion of ambrosia.
   545 | D:1      | 545 ||| DROPPING potion of attraction.
   759 | D:2      | 759 ||| READING scroll of enchant weapon.
   759 | D:2      | 759 ||| ENCHANTING +2 sling.
   815 | D:2      | Reached XP level 3. HP: 27/29 MP: 3/3
   934 | D:2      | Noticed Terence
   944 | D:2      | Killed Terence
   945 | D:2      | Reached skill level 4 in Ranged Weapons
  1033 | D:2      | Noticed Natasha
  1039 | D:2      | Killed Natasha
  1040 | D:2      | Reached XP level 4. HP: 36/36 MP: 4/4
  1090 | D:2      | 1090 ||| UPGRADING to +0 ring mail.
  1100 | D:2      | 1100 ||| DROPPING +0 robe.
  1101 | D:2      | 1101 ||| UPGRADING to +1 pair of gloves.
  1106 | D:2      | 1106 ||| READING scroll labelled XIBYLUSIAQ.
  1107 | D:2      | 1107 ||| READING scroll labelled TOERIE ASYNUU.
  1108 | D:2      | 1108 ||| READING scroll labelled ZILOASH YCASER.
  1209 | D:2      | 1209 ||| DRINKING 3 sapphire potions.
  1244 | D:3      | Reached skill level 1 in Armour
  1257 | D:3      | You fall into a shaft and drop 2 floors!
  1257 | D:5      | Entered Level 5 of the Dungeon
  1271 | D:5      | Reached skill level 5 in Ranged Weapons
  1328 | D:5      | Reached XP level 5. HP: 24/44 MP: 5/5
  1331 | D:5      | Reached skill level 3 in Fighting
  1589 | D:5      | Noticed a black bear
  1598 | D:5      | Killed a black bear
  1599 | D:5      | Reached skill level 6 in Ranged Weapons
  1599 | D:5      | Reached XP level 6. HP: 35/51 MP: 6/6
  1656 | D:5      | 1656 ||| UPGRADING to +6 ring of strength.
  1738 | D:4      | 1738 ||| READING scroll of enchant weapon.
  1738 | D:4      | 1738 ||| ENCHANTING +3 sling.
  1884 | D:3      | Found a sparkling altar of Nemelex Xobeh.
  1924 | D:3      | Noticed Sigmund
  1939 | D:3      | Killed Sigmund
  1940 | D:3      | Reached XP level 7. HP: 53/61 MP: 7/7
  2275 | D:3      | 2275 ||| UPGRADING to +2 ring mail of cold resistance.
  2285 | D:3      | 2285 ||| DROPPING +0 ring mail.
  2286 | D:3      | 2286 ||| DRINKING 3 dark potions.
  2287 | D:3      | 2287 ||| DRINKING 2 smoky white potions.
  2288 | D:3      | 2288 ||| READING 2 scrolls of identify.
  2288 | D:3      | 2288 ||| IDENTIFYING bubbling clear potion
  2289 | D:3      | 2289 ||| DROPPING potion of brilliance.
  2290 | D:3      | 2290 ||| DROPPING potion of invisibility.
  2357 | D:4      | Reached skill level 7 in Ranged Weapons
  2702 | D:4      | 2702 ||| SWAPPING to +0 shortbow.
  2703 | D:4      | 2703 ||| DROPPING +4 sling.
  2747 | D:4      | Noticed Menkaure
  2754 | D:4      | Killed Menkaure
  3018 | D:4      | 3018 ||| DRINKING 4 potions of curing.
  3018 | D:4      | 3018 ||| (to cure confusion)
  3064 | D:4      | 3064 ||| DRINKING 2 bubbling black potions.
  3065 | D:4      | 3065 ||| READING 3 scrolls of identify.
  3065 | D:4      | 3065 ||| IDENTIFYING murky dark potion
  3066 | D:4      | 3066 ||| READING 2 scrolls of identify.
  3066 | D:4      | 3066 ||| IDENTIFYING clear potion
  3067 | D:4      | 3067 ||| DROPPING potion of berserk rage.
  3126 | D:5      | Reached skill level 8 in Ranged Weapons
  3230 | D:5      | Reached XP level 8. HP: 69/69 MP: 8/8
  3250 | D:5      | Reached skill level 9 in Ranged Weapons
  3262 | D:5      | Reached skill level 3 in Dodging
  3302 | D:5      | Reached skill level 6 in Fighting
  3405 | D:5      | 3405 ||| SWAPPING to +0 orcbow.
  3406 | D:5      | 3406 ||| DROPPING +0 shortbow.
  3415 | D:5      | Found Idaci's Armour Emporium.
  3424 | D:5      | 3424 ||| BUYING +2 ring mail of willpower (252 gold).
  3424 | D:5      | Bought a +2 ring mail of willpower for 252 gold pieces
  3585 | D:5      | Found a white marble altar of Elyvilon.
  3641 | D:5      | Found a shimmering altar of Xom.
  3796 | D:5      | 3796 ||| READING scroll labelled MIEXZA KIFOLO.
  3797 | D:5      | 3797 ||| READING 3 scrolls labelled KEKHLA GIOS.
  3798 | D:5      | 3798 ||| READING 2 scrolls of identify.
  3798 | D:5      | 3798 ||| IDENTIFYING sedimented pink potion
  3799 | D:5      | 3799 ||| DROPPING 2 scrolls of amnesia.
  3826 | D:6      | Reached skill level 10 in Ranged Weapons
  3833 | D:6      | Reached skill level 3 in Armour
  3837 | D:6      | 3837 ||| Stepping ~*~*~tactically~*~*~ (water).
  4002 | D:6      | 4002 ||| READING scroll of brand weapon.
  4002 | D:6      | 4002 ||| BRANDING +0 orcbow of draining.
  4014 | D:6      | 4014 ||| FLEEEEING.
  4017 | D:6      | 4017 ||| FLEEEEING.
  4081 | D:6      | Reached XP level 9. HP: 72/79 MP: 9/9
  4189 | D:6      | Noticed Pikel
  4208 | D:6      | HP: 18/79 [orc/+1 war axe of freezing (6)]
  4209 | D:6      | 4209 ||| READING 4 scrolls of teleportation.
  4210 | D:6      | 4210 ||| DRINKING 2 potions of heal wounds.
  4212 | D:6      | 4212 ||| FLEEEEING.
  4214 | D:6      | 4214 ||| FLEEEEING.
  4215 | D:6      | 4215 ||| FLEEEEING.
  4217 | D:6      | 4217 ||| FLEEEEING.
  4218 | D:6      | 4218 ||| FLEEEEING.
  4219 | D:6      | 4219 ||| FLEEEEING.
  4220 | D:6      | 4220 ||| FLEEEEING.
  4221 | D:6      | 4221 ||| FLEEEEING.
  4222 | D:6      | 4222 ||| FLEEEEING.
  4223 | D:6      | 4223 ||| FLEEEEING.
  4224 | D:6      | 4224 ||| STAIRDANCE
  4370 | D:6      | 4370 ||| STAIRDANCE
  4372 | D:5      | Killed Pikel
  4373 | D:5      | Reached skill level 11 in Ranged Weapons
  4411 | D:6      | 4411 ||| DRINKING 4 potions of curing.
  4411 | D:6      | 4411 ||| (to cure confusion)
  4472 | D:6      | Reached skill level 12 in Ranged Weapons
  4499 | D:6      | Noticed Maggie
  4509 | D:6      | HP: 2/79 [Maggie/+1 heavy glaive (20)]
  4510 | D:6      | 4510 ||| READING 3 scrolls of teleportation.
  4510 | D:6      | Mangled by Maggie

Levels and vault maps discovered:
D:1:      minmay_arrival_jagged, layout_rooms, serial_shops,
          nicolae_shop_window_shopping
D:2:      layout_rooms, uniq_terence, uniq_natasha
D:3:      layout_rooms, mainiacjoe_overflow_tiny_flanked, grunt_decor_junction,
          uniq_sigmund
D:4:      layout_loops_ring, uniq_menkaure
D:5:      lemuel_ratsnest, layout_cave_pools, lemuel_round_altar,
          mainiacjoe_overflow_alcove_4, serial_shops, shop_fountains
D:6:      layout_rooms, serial_bayou, serial_bayou_pond_d, serial_bayou_pond_b,
          serial_bayou_pond_d, serial_bayou_pond_a, uniq_maggie, uniq_pikel

Skill      XL: |  1  2  3  4  5  6  7  8  9 |
---------------+----------------------------+-----
Ranged Weapons | 3 4 5 6 8 10 12 | 12.0
Fighting       | 2 3 5 7 |  7.2
Armour         | 1 2 3 |  3.3
Dodging        | 3 4 |  4.1
Spellcasting   | |  1.0
Hexes          | |  2.0

Action                     |  1- 3 |  4- 6 |  7- 9 || total
---------------------------+-------+-------+-------++-------
   Fire: Sling             |   105 |   165 |    62 ||   332
         Shortbow          |       |       |   108 ||   108
         Orcbow            |       |       |   182 ||   182
    Use: Scroll            |     5 |     4 |     9 ||    18
         Potion            |       |     1 |     6 ||     7
 Armour: Robe              |    19 |       |       ||    19
         Ring mail         |       |    49 |   125 ||   174
  Dodge: Dodged            |    45 |    73 |   162 ||   280

Table legend:
 A = Non-vault XP
 B = Vault XP
 C = Vault XP percentage of total XP
 D = Non-vault monster count
 E = Vault monster count
 F = Vault count percentage of total count
                 A         B        C        D         E       F
            +---------+---------+-------+---------+---------+-------
      Total |    2640 |    1458 |  35.6 |     128 |      41 |  24.3
            +---------+---------+-------+---------+---------+-------
        D:1 |      26 |       0 |   0.0 |      17 |       0 |   0.0
        D:2 |      21 |      73 |  77.7 |      13 |       2 |  13.3
        D:3 |     111 |     214 |  65.8 |      23 |       1 |   4.2
        D:4 |     269 |     172 |  39.0 |      30 |       1 |   3.2
        D:5 |    1102 |     778 |  41.4 |      18 |      32 |  64.0
        D:6 |    1111 |     221 |  16.6 |      27 |       5 |  15.6
            +---------+---------+-------+---------+---------+-------
